 Dungeon Crawl Stone Soup version 0.27.1-3-gb3d3a73c9e (webtiles) character file.

Game seed: 17775639876687187714

221 cdecastro the Insei (level 5, -3/40 HPs)
             Began as a Draconian Transmuter on Oct 8, 2021.
             Slain by an iguana (8 damage)
             ... on level 4 of the Dungeon.
             The game lasted 00:04:49 (3063 turns).

cdecastro the Insei (Draconian Transmuter)          Turns: 3063, Time: 00:04:50

Health: -3/40      AC:  6    Str: 12    XL:     5   Next: 65%
Magic:  17/17      EV: 12    Int: 14    God:
Gold:   74         SH:  0    Dex: 12    Spells: 2/8 levels left

rFire    . . .     SeeInvis .     - Unarmed
rCold    . . .     Faith    .   (no shield)
rNeg     . . .     Spirit   .   (armour unavailable)
rPois    .         Reflect  .   (helmet currently unavailable)
rElec    .         Harm     .   (no cloak)
rCorr    .         Rampage  .   g - +0 pair of gloves
Will     .....                  (boots currently unavailable)
Stlth    +.........             (no amulet)
HPRegen  0.13/turn              o - ring of magical power
MPRegen  0.15/turn              (no ring)

@: lethally poisoned (-3 -> -5), appendages
A: horns 2, talons 2, AC +5, unfitting armour, cold-blooded
a: End Transformation


You were on level 4 of the Dungeon.
You had temporarily grown beastly horns and talons.
You visited 1 branch of the dungeon, and saw 4 of its levels.

You collected 134 gold pieces.
You spent 60 gold pieces at shops.

Inventory:

Missiles
 a - 62 arrows
 c - 53 stones
 d - 28 sling bullets
 h - 27 bolts
Armour
 g - a +0 pair of gloves (worn)
Magical Staves
 m - a staff of death
Jewellery
 o - a ring of magical power (left hand)
Wands
 n - a wand of digging (5)
Scrolls
 b - 7 scrolls of identify
 f - a scroll of fog {unknown}
 i - a scroll of teleportation
 k - a scroll of silence {unknown}
 r - a scroll of blinking {unknown}
Potions
 e - 2 potions of invisibility {unknown}
 j - 2 potions of heal wounds {unknown}
 l - a potion of degeneration {unknown}
 p - a potion of curing {unknown}
 q - 2 potions of flight {unknown}


   Skills:
 - Level 1.1 Fighting
 - Level 1.7 Dodging
 - Level 5.0 Unarmed Combat
 - Level 2.0 Spellcasting
 + Level 4.4 Transmutations


You had 2 spell levels left.
You knew the following spells:

 Your Spells              Type           Power      Damage    Failure   Level
a - Beastly Appendage     Tmut           26%        N/A       3%          1
b - Wereblood             Tmut           13%        N/A       6%          2
c - Spider Form           Tmut/Pois      3%         N/A       28%         3

Your spell library contained the following spells:

 Spells                   Type           Power      Damage    Failure   Level
 Ice Form                 Ice/Tmut       7%         N/A       67%         4


Dungeon Overview and Level Annotations

Branches:
Dungeon (4/15)
 Temple: D:4-7

Altars:
Cheibriados

Shops:
D:4 ?:


Innate Abilities, Weirdness & Mutations

You have temporarily grown beastly horns and talons.
Your plain brown scales are hard. (AC +5)
You cannot fit into any form of body armour.
You are cold-blooded and may be slowed by cold attacks.


Message History

Your tail-slap misses the adder.
The adder bites you.
You are poisoned.
The adder poisons you! The adder bites you but does no damage.
You hit the iguana but do no damage.
You feel sick. The adder bites you.
You are more poisoned.
The adder poisons you! The iguana bites you!
You are too injured to fight recklessly!
You are too injured to fight recklessly!
You are too injured to fight recklessly!
You are too injured to fight recklessly!
You barely miss the adder. You claw the adder. You headbutt the adder.
The adder is almost dead.
You feel sick. The adder bites you.
You are more poisoned.
The adder poisons you!
You hit the adder.
You kill the adder!
You feel sick. The iguana barely misses you.
Training target 5.0 for Unarmed Combat reached!
Your Unarmed Combat skill increases to level 5!
You feel very sick. The iguana closely misses you.
You hit the iguana. Your headbutt misses the iguana.
You tail-slap the iguana, but do no damage.
The iguana is moderately wounded.
You feel sick. The iguana bites you.
* * * LOW HITPOINT WARNING * * *
You hit the iguana but do no damage. You claw the iguana, but do no damage.
The iguana is moderately wounded.
You feel sick. The iguana bites you.
* * * LOW HITPOINT WARNING * * *
You hit the iguana.
The iguana is heavily wounded.
You feel sick.
The iguana bites you but does no damage.
You closely miss the iguana. Your kick misses the iguana.
You headbutt the iguana.
The iguana is almost dead.
You feel sick. The iguana bites you!
You die...

#......... #.........
#^........ .
#####......... ##### ..
........########...##..
........'....#.......
........#....#.....#
........#....#.....##...
........#'####..@.......
.........†...#.l...##...
########.....#.....#
#......'.....#......+
#......#.....#.....## #
#......#.....#.....# ..
#......#.....#.....# ...
#....###.....#######....
###### #####............


You could see an iguana.

Vanquished Creatures
  A centaur (D:4)
  A jelly (D:4)
  An adder (D:4)
  3 worms
  4 dart slugs
  2 orcs
  4 bats
  6 endoplasms
  2 giant cockroaches
  3 goblins
  12 hobgoblins
  13 jackals
  A quokka (D:1)
  6 ball pythons
  A frilled lizard (D:1)
  13 kobolds
  6 rats
79 creatures vanquished.

Notes
Turn   | Place    | Note
-------+----------+-------------------------------------------
     0 | D:1      | cdecastro the Draconian Transmuter began the quest for the
                  | Orb.
     0 | D:1      | Reached XP level 1. HP: 16/16 MP: 3/3
    38 | D:1      | Reached XP level 2. HP: 10/22 MP: 3/5
   465 | D:1      | Reached XP level 3. HP: 22/28 MP: 2/6
   676 | D:1      | Found a faded altar of an unknown god.
  1343 | D:2      | Reached skill level 4 in Unarmed Combat
  1640 | D:3      | Reached XP level 4. HP: 32/35 MP: 7/7
  2571 | D:4      | Found Nima's Book Boutique.
  2596 | D:3      | Learned a level 2 spell: Wereblood
  2600 | D:3      | Learned a level 3 spell: Spider Form
  2652 | D:4      | Found Alae's Magic Scroll Shop.
  2663 | D:4      | Bought a scroll of identify for 24 gold pieces
  2663 | D:4      | Bought a scroll of teleportation for 36 gold pieces
  2686 | D:4      | Found a snail-covered altar of Cheibriados.
  2857 | D:4      | Noticed a centaur
  2875 | D:4      | Killed a centaur
  2876 | D:4      | Reached XP level 5. HP: 34/40 MP: 8/8
  3048 | D:4      | Noticed a water moccasin
  3059 | D:4      | Reached skill level 5 in Unarmed Combat
  3063 | D:4      | Slain by an iguana

Illustrated notes

Levels and vault maps discovered:
D:1:      evilmike_arrival_fibonacci_small, layout_rooms,
          hellmonk_ecumenical_altar_dog_temple, minmay_surrounded
D:2:      layout_loops_corners
D:3:      layout_rooms, dk_vineyard_1, dk_noncrumbling_3
D:4:      layout_gridville, slow_altar_1, serial_shops, shop,
          nicolae_inconvenience_store, roderic_serpentine_path,
          minmay_quadrilaterals

Skill      XL: |  1  2  3  4  5 |
---------------+----------------+-----
Transmutations | 3 4 |  4.4
Unarmed Combat | 4 5 |  5.0
Fighting       | |  1.1
Dodging        | |  1.7
Spellcasting   | |  2.0

Action                   |  1- 3 |  4- 6 || total
-------------------------+-------+-------++-------
Melee: Unarmed           |   119 |    88 ||   207
       Headbutt          |     8 |     8 ||    16
       Kick              |    15 |    21 ||    36
       Tailslap          |    12 |     9 ||    21
       Punch             |     5 |     2 ||     7
 Cast: Beastly Appendage |    10 |    10 ||    20
       Wereblood         |       |     1 ||     1
  Use: Scroll            |       |     1 ||     1
 Stab: Sleeping          |       |     1 ||     1
Armor: Skin              |    42 |    41 ||    83
Dodge: Dodged            |    69 |    56 ||   125
